 Dungeon Crawl Stone Soup version 0.26.1-11-gd32895ea62 (webtiles) character file.

Game seed: 17583909924597458871

44751 OdinFK the Unseen (level 13, -8/60 HPs)
             Began as a Felid Enchanter on May 15, 2021.
             Was the Champion of Wu Jian.
             Shot with an arrow by Nessos (31 damage)
             ... on level 2 of the Orcish Mines on May 16, 2021.
             The game lasted 02:08:21 (25125 turns).

OdinFK the Unseen (Felid Enchanter)                Turns: 25125, Time: 02:08:21

Health: -8/60      AC:  5    Str:  5    XL:     13   Next: 97%
Magic:  11/17      EV: 32    Int: 25    God:    Wu Jian [******]
Gold:   1717       SH:  0    Dex: 18    Spells: 5/16 levels left
                                        Lives:  0   Deaths: 4

rFire    . . .     SeeInvis +     - Unarmed
rCold    + . .     Faith    .   (shield unavailable)
rNeg     + . .     Spirit   .   (armour unavailable)
rPois    +         Reflect  .   (helmet unavailable)
rElec    +         Harm     .   (cloak unavailable)
rCorr    .         Rampage  .   (gloves unavailable)
Will     +....                  (boots unavailable)
Stlth    +++++++...             p - amulet of magic regeneration
HPRegen  0.20/turn              B - +6 ring of intelligence
MPRegen  0.40/turn              F - ring of the Cuttlefish {rElec rPois rN+}

@: quick
A: very small, no armour, no weapons or thrown items, stealth, claws 1, fangs 3,
icy blue scales 1, see invisible, agile 1, dopey 1, speed 1, shaggy fur 3, sharp
paws
a: Renounce Religion, Wall Jump, Serpent's Lash, Heavenly Storm


You were on level 2 of the Orcish Mines.
You worshipped Wu Jian.
Wu Jian was exalted by your worship.
You visited 4 branches of the dungeon, and saw 24 of its levels.
You also visited: Sewer and Ice Cave.

You collected 1997 gold pieces.
You spent 280 gold pieces at shops.

Inventory:

Jewellery
 i - the ring "Lummuig" {Fire Will+ Str+2}
   (You acquired it on level 15 of the Dungeon)

   [ring of fire]

   It enhances your fire magic.
   It affects your strength (+2).
   It protects you from fire.
   It makes you vulnerable to cold.
   It affects your willpower, your defense against some magical effects.
 p - an amulet of magic regeneration (around neck)
 z - an uncursed amulet of the acrobat {unknown}
 B - a +6 ring of intelligence (left paw)
 F - the ring of the Cuttlefish (right paw) {rElec rPois rN+}
   (You found it on level 11 of the Dungeon)

   [ring of poison resistance]

   It insulates you from electricity.
   It protects you from poison.
   It protects you from negative energy.
 J - an uncursed ring of willpower
 S - an uncursed ring of flight
 V - an uncursed ring of positive energy {unknown}
Wands
 d - a wand of enslavement (18)
 n - a wand of iceblast (34)
 y - a wand of polymorph (14)
 A - a wand of acid (10)
 I - a wand of flame (24)
 R - a wand of digging (7)
Scrolls
 f - 5 scrolls of fear
 g - 5 scrolls of amnesia
 k - 4 scrolls of fog
 t - 9 scrolls of teleportation
 u - 8 scrolls of remove curse
 x - 3 scrolls of blinking
 E - a scroll of holy word
 G - 3 scrolls of immolation
 K - a scroll of vulnerability
 M - 7 scrolls of magic mapping
 N - 2 scrolls of summoning
 O - 2 scrolls of torment
Potions
 a - a potion of invisibility
 b - 5 potions of mutation
 c - 6 potions of curing
 e - 5 potions of flight
 h - 2 potions of haste
 j - 8 potions of ambrosia
 l - 2 potions of magic
 m - 2 potions of might
 q - 9 potions of heal wounds
 r - 3 potions of resistance
 s - 2 potions of lignification
 v - 2 potions of berserk rage
 C - 4 potions of attraction
 D - 3 potions of brilliance
 H - 3 potions of cancellation
Miscellaneous
 w - a phial of floods
 Q - a box of beasts


   Skills:
 + Level 9.2 Fighting
 + Level 15.2 Dodging
 + Level 18.2 Stealth
 + Level 8.3 Unarmed Combat
 - Level 2.0 Spellcasting
 + Level 18.2 Hexes
 - Level 4.0 Translocations
 - Level 3.0 Ice Magic
 + Level 4.7 Evocations


You had 5 spell levels left.
You knew the following spells:

 Your Spells              Type           Power        Failure   Level
a - Corona                Hex            84%          0%          1
b - Ensorcelled Hibernat  Hex/Ice        100%         1%          2
c - Tukima's Dance        Hex            76%          1%          3
d - Dazzling Flash        Conj/Hex       96%          1%          3
e - Blink                 Tloc           N/A          3%          2

Your spell library contained the following spells:

 Spells                   Type           Power        Failure   Level
 Slow                     Hex            76%          0%          2
 Confusing Touch          Hex            76%          1%          3
 Summon Guardian Golem    Hex/Summ       48%          1%          3
 Metabolic Englaciation   Hex/Ice        26%          4%          5
 Gell's Gravitas          Tloc           11%          6%          3
 Silence                  Hex/Air        24%          8%          5
 Yara's Violent Unravell  Hex/Tmut       24%          8%          5
 Magic Dart               Conj           8%           11%         1
 Summon Small Mammal      Summ           8%           11%         1
 Call Imp                 Summ           2%           17%         2
 Call Canine Familiar     Summ           2%           32%         3
 Conjure Flame            Conj/Fire      2%           32%         3
 Mephitic Cloud           Conj/Pois/Air  2%           32%         3
 Summon Ice Beast         Ice/Summ       10%          52%         4
 Petrify                  Tmut/Erth      2%           73%         4
 Summon Lightning Spire   Summ/Air       2%           73%         4
 Conjure Ball Lightning   Conj/Air       1%           100%        6
 Tornado                  Air            1%           100%        9


Dungeon Overview and Level Annotations

Branches:
Dungeon (15/15)            Temple (1/1) D:4            Lair (6/6) D:9
 Spider (0/4) Lair:2        Slime (0/5) Lair:6          Orc (2/2) D:12
 Vaults (0/5) D:13         Depths (0/5) D:15          Sewer (visited)
  IceCv (visited)
  Swamp: Lair:2-4    Shoals: Lair:2-4       Elf: Orc:2

Altars:
Ashenzari
Cheibriados
Dithmenos
Elyvilon
Fedhas
Gozag
Hepliaklqana
Kikubaaqudgha
Makhleb
Nemelex Xobeh
Okawaru
Qazlal
Ru
Sif Muna
Trog
Uskayaw
Vehumet
Wu Jian
Xom
Yredelemnul
Zin
The Shining One
Beogh
Jiyva

Shops:
D:4 [   D:8 [   D:15 *([:

Portals:
Abyss: D:11
Trove: D:13 (give 3 potions of resistance)

Annotations:
D:7 Harold
D:10 3 runed translucent doors
D:11 2 transporters, Hank's ghost, journeyman MiFi
D:12 Maurice
D:15 Josephine
Lair:1 2 transporters, Boecas's ghost, journeyman OpDe; Erica
Lair:4 exclusion: oklob plant
Lair:5 exclusion: 3 oklob plants
Orc:2 Nessos


Innate Abilities, Weirdness & Mutations

You cannot wear armour.
You are incapable of wielding weapons or throwing items.
Your paws allow you to move quietly. (Stealth)
You have sharp claws.
You have razor-sharp teeth.
You have supernaturally acute eyesight. (SInv)
You cover ground quickly.
Your thick and shaggy fur keeps you warm. (AC +3, rC+)
Your sharp claws are effective at attacking unaware monsters.
You are partially covered in icy blue scales. (AC +2)
You are agile. (Dex +2)
You are dopey. (Int -2)


Message History

The orc wizard is no longer blind.
The orc priest completely misses you.
Nessos blinks!
Casting: Dazzling Flash (safe; 1% risk of failure)
Confirm with . or Enter, or press ? or * to list all spells.
The orc priest is dazzled.
The orc is dazzled.
The orc wizard is dazzled.
The ettin is dazzled.
The orc hits you but does no damage. The orc priest completely misses you.
The orc wizard completely misses you.
You scratch the orc priest.
The orc priest is moderately wounded.
Nessos shoots an arrow.
The arrow misses you.
The arrow hits the orc priest!
The arrow burns the orc priest.
The orc priest dies!
The orc wizard completely misses you. The orc misses you.
Nessos blinks!
You scratch the orc wizard but do no damage.
The orc wizard closely misses you.
Nessos shoots an arrow.
The arrow hits you!! The arrow burns you. The orc completely misses you.
The orc wizard completely misses you.
The orc wizard is no longer blind.
Nessos shoots an arrow.
The arrow hits you!!
Ouch! That really hurt!
You die...

.... .........
.....# .........
......##........
.......#.......#
............... #
##..$......(..$
..#...........$..
.........@....c..
........o(o......
......†.C........
.......).........
.................
.................
...........$.#$#.
................
P..............


You could see Nessos (fast), an ettin (blind), an orc wizard (fast) and an orc
(blind).

Vanquished Creatures
  A dire elephant (D:15)
  A fire dragon (Lair:6)
  Erolcha (D:12)
  3 vault guards (D:13)
  A boulder beetle (D:13)
  7 hydras
  3 tengu warriors (D:14)
  A centaur warrior (D:13)
  4 two-headed ogres
  A death yak (D:9)
  Nergalle (D:12)
  2 unseen horrors (D:13)
  A wizard (D:12)
  An orc knight (Orc:1)
  3 deep elf magi
  5 ugly things
  4 cyclopes
  A salamander (D:15)
  A wolf spider (D:10)
  A manticore (D:15)
  An orc sorcerer (D:12)
  A centaur zombie (D:15)
  3 elephants (Lair:6)
  7 black mambas
  7 cane toads
  A redback zombie (D:15)
  An efreet (D:13)
  6 komodo dragons
  2 tengu conjurers (D:14)
  5 trolls
  9 meliai
  A queen bee (D:14)
  A meliai (shapeshifter) (D:15)
  3 polar bears
  A hornet (D:11)
  11 slime creatures (D:15)
  16 blink frogs
  A blink frog (shapeshifter) (D:15)
  2 wraiths (D:14)
  7 wyverns
  7 basilisks
  39 yaks
  2 steam dragons
  8 humans (D:13)
  3 acid dragons
  2 swamp worms (Lair:3)
  4 hell hounds (Lair:6)
  A warg (D:12)
  18 water moccasins
  Duvessa (D:6)
  9 orc warriors
  A black bear (Lair:1)
  A hornet zombie (D:10)
  3 ice beasts
  A sky beast (D:5)
  13 ogres
  A phantom (D:9)
  21 wolves
  6 centaurs
  15 bullfrogs
  2 big kobolds
  2 wyvern zombies
  Dowan (D:6)
  4 scorpions
  18 killer bees
  A wight (D:11)
  2 howler monkeys (D:8)
  4 quasits
  5 lava snakes (Lair:6)
  4 jellies
  2 bullfrog zombies
  20 orc wizards
  4 bullfrog skeletons
  A centaur skeleton (D:11)
  12 hounds
  15 orc priests
  6 iguanas
  12 worker ants
  A hound zombie (D:6)
  A hound skeleton (D:10)
  2 worker ant zombies (D:9)
  9 gnolls
  12 adders
  4 river rats
  4 shadow imps
  15 white imps
  3 oozes
  An adder zombie (D:9)
  4 worms
  3 dart slugs
  8 leopard geckos
  69 orcs
  4 ball pythons
  6 giant cockroaches
  7 goblins
  7 hobgoblins
  9 quokkas
  3 bats
  2 frilled lizards
  20 kobolds
  A quokka skeleton (D:8)
  A quokka zombie (D:9)
  14 rats
610 creatures vanquished.

Vanquished Creatures (collateral kills)
  A molten gargoyle (Lair:6)
  An eye of draining (D:13)
  2 wights (D:11)
  2 orcs (D:5)
6 creatures vanquished.

Vanquished Creatures (others)
  2 yaks
  A human (D:13)
  A wolf (IceCv)
  An orc priest (Orc:2)
  A bush (Lair:6)
  44 fungi
  42 plants
92 creatures vanquished.

Grand Total: 708 creatures vanquished

Notes
Turn   | Place    | Note
-------+----------+-------------------------------------------
     0 | D:1      | OdinFK the Felid Enchanter began the quest for the Orb.
     0 | D:1      | Reached XP level 1. HP: 7/7 MP: 4/4
   204 | D:1      | Reached skill level 1 in Fighting
   204 | D:1      | Reached XP level 2. HP: 12/12 MP: 6/6
   231 | D:1      | Learned a level 2 spell: Ensorcelled Hibernation
   979 | D:1      | Reached XP level 3. HP: 15/15 MP: 1/7
   983 | D:1      | Learned a level 3 spell: Tukima's Dance
  1051 | D:2      | Found a shimmering blue altar of Sif Muna.
  1382 | D:2      | Found a sparkling altar of Nemelex Xobeh.
  1470 | D:2      | You fall into a shaft and drop 2 floors!
  1523 | D:4      | Found a staircase to the Ecumenical Temple.
  1528 | Temple   | Entered the Ecumenical Temple
  1941 | D:4      | Found a glowing drain.
  1945 | Sewer    | Entered a sewer
  2017 | Sewer    | Reached skill level 5 in Hexes
  2180 | Sewer    | Reached XP level 4. HP: 16/19 MP: 1/8
  2264 | Sewer    | Reached skill level 1 in Ice Magic
  2491 | Sewer    | Noticed a big kobold
  2550 | Sewer    | Killed a big kobold
  2551 | Sewer    | Reached skill level 5 in Stealth
  2551 | Sewer    | Reached XP level 5. HP: 9/22 MP: 2/9
  2829 | D:4      | Found a shadowy altar of Dithmenos.
  2834 | D:4      | Found a bloodstained altar of Trog.
  2885 | D:4      | HP: 1/22 [poisoned by a worker ant]
  2886 | D:4      | Gained mutation: You are weak. (Str -2) [potion of
                  | mutation]
  2886 | D:4      | Gained mutation: Potions are less effective at restoring
                  | your health. [potion of mutation]
  2886 | D:4      | Gained mutation: You are resistant to electric shocks.
                  | (rElec) [potion of mutation]
  2886 | D:4      | Succumbed to a worker ant's poison
  2887 | D:4      | Reached XP level 4. HP: 0/19 MP: 6/8
  2907 | D:4      | Lost mutation: Potions are less effective at restoring your
                  | health. [potion of mutation]
  2907 | D:4      | Lost mutation: You are weak. (Str -2) [potion of mutation]
  2907 | D:4      | Lost mutation: You are resistant to electric shocks.
                  | (rElec) [potion of mutation]
  2907 | D:4      | Gained mutation: You are dopey. (Int -2) [potion of
                  | mutation]
  2907 | D:4      | Gained mutation: You are agile. (Dex +2) [potion of
                  | mutation]
  2907 | D:4      | Gained mutation: You are partially covered in icy blue
                  | scales. (AC +2) [potion of mutation]
  2915 | D:4      | Noticed a centaur
  2930 | D:4      | Found Foena's Antique Armour Shop.
  2992 | D:4      | Noticed a bullfrog
  3000 | D:4      | Killed a bullfrog
  3001 | D:4      | Reached XP level 5. HP: 22/22 MP: 4/9
  3089 | D:4      | Found a broken altar of Ashenzari.
  3233 | D:3      | Gained mutation: You are covered in thick fur. (AC +2)
                  | [Felid growth]
  3233 | D:3      | Reached XP level 6. HP: 25/25 MP: 4/10
  3665 | D:2      | Found a burning altar of Makhleb.
  5333 | D:4      | Reached XP level 7. HP: 30/30 MP: 9/11
  5383 | D:5      | Entered Level 5 of the Dungeon
  5392 | D:5      | Found a hide-covered altar of Uskayaw.
  5550 | D:5      | Reached skill level 5 in Dodging
  6175 | D:6      | Found a glowing golden altar of the Shining One.
  6288 | D:6      | Reached XP level 8. HP: 34/34 MP: 10/12
  6349 | D:6      | Reached skill level 1 in Evocations
  6427 | D:6      | Noticed Duvessa
  6427 | D:6      | Noticed Dowan
  6435 | D:6      | Killed Duvessa
  6440 | D:6      | Killed Dowan
  7012 | D:7      | Reached skill level 10 in Hexes
  7059 | D:7      | Noticed Harold
  7139 | D:7      | Reached XP level 9. HP: 27/37 MP: 9/13
  7472 | D:7      | Found an ornate altar of the Wu Jian Council.
  7479 | D:7      | Became a worshipper of the Wu Jian Council
  7702 | D:7      | Killed from afar by Harold
  7703 | D:7      | Reached XP level 8. HP: -1/34 MP: 10/12
  7798 | D:8      | Found Jeovunat's Antique Armour Shop.
  7941 | D:8      | Learned a level 3 spell: Dazzling Flash
  8156 | D:8      | Found a basalt altar of Yredelemnul.
  8515 | D:9      | Noticed a troll
  8584 | D:9      | Found the +2 ratskin cloak {*Rats rPois rN+ Str-1 Int-1
                  | Dex+1}
  8659 | D:9      | Reached XP level 9. HP: 39/39 MP: 13/13
  8698 | D:9      | Noticed a troll
  8719 | D:8      | Reached skill level 10 in Stealth
  8778 | D:9      | Reached * piety under Wu Jian
  8955 | D:9      | Killed a troll
  9161 | D:9      | Noticed a death yak
  9192 | D:9      | Noticed a death yak
  9228 | D:9      | Noticed a death yak
  9395 | D:9      | Reached ** piety under Wu Jian
  9488 | D:9      | Reached skill level 5 in Fighting
  9537 | D:9      | Killed a troll
  9549 | D:9      | Found a staircase to the Lair.
  9660 | D:10     | Entered Level 10 of the Dungeon
  9661 | D:10     | Noticed a two-headed ogre
  9689 | D:9      | Killed a two-headed ogre
  9690 | D:9      | Reached XP level 10. HP: 44/44 MP: 9/14
 10162 | D:10     | Reached skill level 5 in Unarmed Combat
 10219 | D:10     | Found a runed translucent gate.
 10224 | D:10     | Found an opulent altar of Gozag.
 10225 | D:10     | Found a runed translucent gate.
 10225 | D:10     | Found a runed translucent gate.
 10315 | D:10     | Noticed a wizard
 10318 | D:10     | Killed from afar by a wizard
 10319 | D:10     | Reached XP level 9. HP: 0/40 MP: 11/13
 10385 | D:10     | Noticed a manticore
 10419 | D:10     | Noticed a two-headed ogre
 10476 | D:10     | Killed a two-headed ogre
 10489 | D:10     | Noticed a white ugly thing
 10513 | D:11     | Noticed a brown ugly thing
 10525 | D:11     | Killed a brown ugly thing
 10526 | D:11     | Found a frozen archway.
 10547 | D:11     | Reached *** piety under Wu Jian
 10548 | D:11     | Reached skill level 10 in Dodging
 10614 | D:10     | Noticed a wolf spider
 10725 | D:10     | Killed a wolf spider
 10760 | D:10     | Reached XP level 10. HP: 30/45 MP: 11/14
 10803 | IceCv    | Entered an ice cave
 10886 | IceCv    | Learned a level 2 spell: Blink
 11139 | IceCv    | Noticed an ice statue
 11483 | D:11     | Noticed a skeletal warrior
 11483 | D:11     | Noticed a skeletal warrior
 11484 | D:11     | Noticed a two-headed ogre
 11634 | D:11     | Noticed a cyclops
 11683 | D:11     | Killed a cyclops
 11684 | D:11     | Reached skill level 1 in Translocations
 11826 | D:11     | Noticed a skeletal warrior
 11841 | D:11     | Noticed a skeletal warrior
 11842 | D:11     | Noticed a skeletal warrior
 11919 | D:11     | Got a shimmering granite ring
 11920 | D:11     | Identified the ring of the Cuttlefish {rElec rPois rN+}
                  | (You found it on level 11 of the Dungeon)
 11963 | D:11     | Found a transporter.
 11980 | D:11     | Noticed a thrashing horror
 11992 | D:11     | Found a one-way gate to the infinite horrors of the Abyss.
 11992 | D:11     | Noticed a great orb of eyes
 11995 | D:11     | Found a transporter.
 12004 | D:11     | Killed a two-headed ogre
 12007 | D:11     | Noticed Hank's ghost (journeyman MiFi)
 12157 | D:11     | Noticed a rakshasa
 12158 | D:11     | Noticed a toenail golem
 12192 | D:12     | Noticed a wizard
 12195 | D:12     | Killed a wizard
 12289 | D:12     | Noticed Nergalle
 12293 | D:12     | Killed Nergalle
 12293 | D:12     | Reached **** piety under Wu Jian
 12333 | D:12     | Reached XP level 11. HP: 32/49 MP: 10/15
 12807 | D:12     | Noticed a deep elf mage
 12880 | D:12     | Noticed Maurice
 12880 | D:12     | Noticed Erolcha
 12987 | D:12     | Noticed a boulder beetle
 13080 | Lair:1   | Entered Level 1 of the Lair of Beasts
 13098 | Lair:1   | Noticed Erica
 13448 | Lair:1   | Found a transporter.
 13490 | Lair:1   | Found a transporter.
 13548 | Lair:1   | Noticed Boecas's ghost (journeyman OpDe)
 13552 | Lair:1   | Noticed a seven-headed hydra
 13604 | Lair:1   | Noticed a seven-headed hydra
 13827 | Lair:2   | Noticed a six-headed hydra
 13864 | Lair:2   | Noticed a catoblepas
 14008 | Lair:2   | Found a hole to the Spider Nest.
 14154 | Lair:2   | Killed a six-headed hydra
 14257 | Lair:2   | Noticed a seven-headed hydra
 14262 | Lair:2   | Killed a seven-headed hydra
 14876 | Lair:3   | Gained mutation: Your thick and shaggy fur keeps you warm.
                  | (AC +3, rC+) [Felid growth]
 14876 | Lair:3   | Reached XP level 12. HP: 54/54 MP: 13/16
 14884 | Lair:3   | Reached ***** piety under Wu Jian
 14941 | Lair:3   | Reached skill level 15 in Hexes
 14971 | Lair:3   | Noticed a seven-headed hydra
 14977 | Lair:3   | Killed a seven-headed hydra
 15367 | Lair:4   | Noticed a six-headed hydra
 15374 | Lair:4   | Killed a six-headed hydra
 15375 | Lair:4   | Reached skill level 15 in Stealth
 15999 | Lair:5   | Noticed a six-headed hydra
 16005 | Lair:5   | Killed a six-headed hydra
 16693 | Lair:6   | Entered Level 6 of the Lair of Beasts
 17073 | Lair:6   | Reached XP level 13. HP: 58/58 MP: 15/17
 17128 | Lair:6   | Found a staircase to the Slime Pits.
 17129 | Lair:6   | Found a viscous altar of Jiyva.
 17696 | Lair:6   | Found a large runed translucent door.
 17798 | Lair:6   | Reached ****** piety under Wu Jian
 17818 | Lair:6   | Noticed a fire dragon
 17836 | Lair:6   | Found a large runed translucent door.
 17941 | Lair:6   | Killed a fire dragon
 19348 | D:12     | Found a staircase to the Orcish Mines.
 19365 | D:12     | Killed Erolcha
 19971 | D:13     | Killed from afar by an efreet
 19972 | D:13     | Reached XP level 12. HP: -1/57 MP: 16/16
 20057 | D:13     | Noticed a centaur warrior
 20065 | D:13     | Killed a centaur warrior
 20178 | D:13     | Found a portal to a secret trove of treasure.
 20638 | D:13     | Noticed a boulder beetle
 20684 | D:13     | Killed a boulder beetle
 20858 | D:13     | Found the +4 robe of Augmentation {Str+4 Int+4 Dex+4}
 21011 | D:13     | Noticed a vault guard
 21023 | D:13     | Reached XP level 13. HP: 37/60 MP: 13/17
 21312 | D:13     | Reached skill level 15 in Dodging
 21462 | D:13     | Found a gate to the Vaults.
 23088 | D:15     | Entered Level 15 of the Dungeon
 23131 | D:15     | Found Osemink's Armour Boutique.
 23679 | D:15     | Found Zyeforuq's Book Shop.
 23715 | D:15     | Identified a scroll of acquirement
 23723 | D:15     | Acquired the ring "Lummuig" {Fire Will+ Str+2}
 23776 | D:15     | Found a staircase to the Depths.
 23776 | D:15     | Noticed a dire elephant
 23779 | D:15     | Killed a dire elephant
 23984 | D:15     | Found Yrhyrigy's General Store.
 23993 | D:15     | Bought a book of Misfortune for 280 gold pieces
 24023 | D:15     | Found Ecry's Weapon Shop.
 24193 | D:15     | Noticed Josephine
 24826 | Orc:1    | Entered Level 1 of the Orcish Mines
 25014 | Orc:1    | Found a roughly hewn altar of Beogh.
 25108 | Orc:2    | Entered Level 2 of the Orcish Mines
 25108 | Orc:2    | Noticed Nessos
 25113 | Orc:2    | Noticed an ettin
 25125 | Orc:2    | Shot with an arrow by Nessos

Illustrated notes

Levels and vault maps discovered:
D:1:      lightli_arrival_chessboard, layout_basic
D:2:      layout_loops_corners, lemuel_doored_altar, lemuel_round_altar,
          old_standard_altar
D:3:      layout_basic
D:4:      layout_loops_ring, lemuel_crystal_altar, grunt_temple_overflow_open,
          temple_doors_cd, gup_sewer_entry_spiral, serial_shops, shop_statue,
          wad_woods_river_04, minmay_joined_circles
D:5:      layout_loops_cross, nicolae_overflow_hidden_temple
D:6:      layout_loops_ring, kennysheep_mini_moat, uniq_duvessa
D:7:      layout_cave_pools, nzn_wu_jian_contemplation, uniq_harold
D:8:      layout_basic, kennysheep_mini, serial_shops, shop
D:9:      layout_cave_pools, dpeg_lair_monsters, grunt_ministairs_15,
          minmay_fractal_squares_diagonal_5
D:10:     layout_big_octagon, ebering_ghost_gozag,
          minmay_fractal_squares_gapless_7
D:11:     layout_basic, gammafunk_ghost_abyssal_escape,
          portal_ice_cave_entry_imps
D:12:     layout_roguey, erik_orc_3, uniq_nergalle, uniq_maurice, uniq_erolcha
D:13:     layout_basic, ximxim_vaults_locker_room, nicolae_trove_entry_crystal
D:14:     layout_loops_corners, minivault_7
D:15:     hangedman_depths_entry_try_elsewhere_first, layout_basic,
          minivault_14, serial_shops, shop_coins, shop, nicolae_shop_crystal,
          shop, uniq_josephine
Temple:   hc_temple_tempest_star
Lair:1:   layout_cave_pods, gammafunk_ghost_berserking_beasts,
          infiniplex_staircase_pool_2, grunt_megastairs_3, uniq_erica
Lair:2:   layout_long_grid, dummy_spider_entry, fungi_pond_lemuel
Lair:3:   layout_regular_city, palyth_hydra_swamp_entry
Lair:4:   layout_small_grid
Lair:5:   layout_gridlike, minmay_lair_oklob_chamber
Lair:6:   cheibrodos_lair_end_hotspot, layout_regular_city, slime_altar_1
Orc:1:    layout_caves, serial_shops, minmay_orc_temple_b
Orc:2:    grunt_orc_gardens, layout_caves, grunt_orc_garden, grunt_orc_garden,
          grunt_orc_garden, grunt_orc_garden, serial_shops, bzr_entry_islet,
          gammafunk_ghost_fury_of_okawaru, uniq_nessos

Skill      XL: |  1  2  3  4  5  6  7  8  9 10 11 12 13 |
---------------+----------------------------------------+-----
Fighting       | 1 2 3 4 5 6 7 9 |  9.2
Dodging        | 3 4 5 8 10 12 13 15 | 15.2
Hexes          | 5 7 6 8 11 13 14 15 18 | 18.2
Ice Magic      | 1 2 3 |  3.0
Stealth        | 5 6 7 9 10 12 14 15 18 | 18.2
Unarmed Combat | 2 3 4 6 7 8 |  8.3
Evocations     | 2 3 4 |  4.7
Translocations | 3 4 |  4.0
Spellcasting   | |  2.0

Action                   |  1- 3 |  4- 6 |  7- 9 | 10-12 | 13-15 || total
-------------------------+-------+-------+-------+-------+-------++-------
Melee: Unarmed           |    94 |   209 |   309 |   308 |   333 ||  1253
       Bite              |     3 |    22 |    21 |    15 |    15 ||    76
       Punch             |       |     1 |     3 |     3 |     5 ||    12
 Cast: Ensorcelled Hiber |    34 |    45 |   126 |   198 |   212 ||   615
       Corona            |     3 |    10 |    17 |    10 |    15 ||    55
       Tukima's Dance    |       |       |     3 |     2 |     1 ||     6
       Dazzling Flash    |       |       |     7 |    12 |    31 ||    50
       Blink             |       |       |       |       |    13 ||    13
Invok: Lunge             |       |       |    39 |    89 |    79 ||   207
       Whirlwind         |       |       |     4 |    41 |    12 ||    57
Evoke: Wand              |       |       |    10 |     1 |    10 ||    21
       Box of beasts     |       |       |       |     1 |       ||     1
  Use: Potion            |     3 |     6 |       |       |       ||     9
       Scroll            |       |     5 |    11 |     9 |    10 ||    35
 Stab: Sleeping          |    28 |    42 |   103 |   171 |   131 ||   475
       Distracted        |       |       |     4 |     3 |     1 ||     8
       Invisible         |       |       |     6 |    10 |    19 ||    35
Armor: Skin              |     6 |    15 |    39 |    10 |    12 ||    82
Dodge: Dodged            |    71 |    91 |   368 |   202 |   340 ||  1072
